 Dungeon Crawl Stone Soup version 0.21.1-1-g345015fe64 (webtiles) character file.

53 NullDivider the Sneak (level 3, 0/25 HPs)
             Began as an Octopode Assassin on May 9, 2018.
             Slain by a bat (1 damage)
             ... on level 2 of the Dungeon.
             The game lasted 00:03:46 (1018 turns).

NullDivider the Sneak (Octopode Assassin)           Turns: 1018, Time: 00:03:46

Health: 0/25       AC:  1    Str: 10    XL:     3   Next: 87%
Magic:  3/3        EV: 13    Int: 13    God:
Gold:   121        SH:  0    Dex: 14    Spells: 2/2 levels left

rFire    . . .     SeeInvis .   a - +2 dagger
rCold    . . .     Gourm    .   (no shield)
rNeg     . . .     Faith    .   (helmet restricted)
rPois    .         Spirit   .   (no amulet)
rElec    .         Reflect  .   (no ring)
rCorr    .         Harm     .   (no ring)
MR       .....                  (no ring)
Stlth    ++++......             (no ring)
HPRegen  0.08/turn              (no ring)
MPRegen  0.08/turn              (no ring)
                                (no ring)
                                (no ring)

@: no status effects
A: almost no armour, stealthy swim, amphibious, 8 rings, constrict 8, camouflage
1, gelatinous body 1
a: no special abilities


You were on level 2 of the Dungeon.
You were not hungry.

You visited 1 branch of the dungeon, and saw 2 of its levels.

You collected 121 gold pieces.

Inventory:

Hand Weapons
 a - a +2 dagger (weapon)
 b - a +0 blowgun
Missiles
 c - 8 poisoned needles
 d - 2 curare-tipped needles
Scrolls
 i - 2 scrolls of identify {unknown}
 j - a scroll of enchant armour {unknown}
 k - 2 scrolls of remove curse {unknown}
 l - a scroll of fog {unknown}
Potions
 g - a potion of brilliance {unknown}
Comestibles
 f - 4 rations
 h - 3 chunks of flesh


   Skills:
 * Level 2.7 Fighting
 * Level 2.5 Short Blades
 + Level 2.3 Throwing
 * Level 2.0 Dodging
 + Level 5.5 Stealth


You had 2 spell levels left.
You didn't know any spells.

Dungeon Overview and Level Annotations

Branches:
Dungeon (2/15)

Altars:
Makhleb


Innate Abilities, Weirdness & Mutations

You cannot wear most types of armour.
You are very stealthy in the water. (Stealth+)
You are amphibious.
You can wear up to eight rings at the same time.
You can use your tentacles to constrict eight enemies at once.
Your skin changes colour to match your surroundings (Stealth+).
Your rubbery body absorbs attacks. (AC +1, EV +1)


Message History

It was a potion of cancellation.
You feel magically purged. The jackal barely misses you.
It was a potion of curing.
You feel better. The jackal completely misses you.
You closely miss the jackal. Your grab misses the jackal.
The jackal closely misses you. The jackal bites you.
* * * LOW HITPOINT WARNING * * *
You hit the jackal. You grab the jackal.
You kill the jackal!
You hit the adder. You grab the adder.
The adder is heavily wounded.
You constrict the adder. The adder bites you.
* * * LOW HITPOINT WARNING * * *
You hit the adder.
You kill the adder!
Your Dodging skill increases to level 2!
The bat closely misses you. The bat hits you.
* * * LOW HITPOINT WARNING * * *
The bat hits you.
You die...

.....# #.# ..S..# #.#####
.....# #.....#
.....###########.#
.....'....†S...#.######.#
.....#########.#.<.......
.##### #.#.######.# .#
#†#.# .# #.#@# ## #.b.# #
#####


You could see a bat.

Vanquished Creatures
  An adder (D:2)
  An ooze (D:2)
  2 worms (D:2)
  A dart slug (D:1)
  A leopard gecko (D:1)
  A ball python (D:1)
  6 bats (D:1)
  2 giant cockroaches
  4 goblins
  2 jackals (D:2)
  A quokka (D:2)
  4 frilled lizards (D:1)
  4 kobolds (D:1)
  4 rats
34 creatures vanquished.

Notes
Turn   | Place    | Note
-------+----------+-------------------------------------------
     0 | D:1      | NullDivider the Octopode Assassin began the quest for the Orb.
     0 | D:1      | Reached XP level 1. HP: 14/14 MP: 1/1
   148 | D:1      | Reached XP level 2. HP: 19/19 MP: 2/2
   548 | D:1      | Reached XP level 3. HP: 25/25 MP: 3/3
   900 | D:2      | Found a burning altar of Makhleb.
   902 | D:2      | Noticed a balrug
   906 | D:2      | Noticed an orange demon
   906 | D:2      | Noticed a neqoxec
  1010 | D:2      | HP: 1/25 [jackal (2)]
  1017 | D:2      | HP: 1/25 [bat (1)]
  1018 | D:2      | Slain by a bat

Skill      XL: |  1  2  3 |
---------------+----------+-----
Dodging        | 2 |  2.0
Fighting       | |  2.7
Short Blades   | |  2.5
Throwing       | |  2.3
Stealth        | |  5.5

Action                   || total
-------------------------++-------
Melee: Dagger            ||    60
       Constrict         ||    14
       Tentacles         ||     9
  Use: Potion            ||     2
 Stab: Sleeping          ||    13
Armor: Skin              ||     9
Dodge: Dodged            ||    47
